 Dungeon Crawl Stone Soup version 0.20.1-1-g8b1a95d (webtiles) character file.

1358 epen the Spear-Bearer (level 8, -2/63 HPs)
             Began as a Merfolk Abyssal Knight on Aug 13, 2017.
             Was an Elder of Lugonu.
             Slain by a hornet (9 damage)
             ... on level 7 of the Dungeon.
             The game lasted 00:12:19 (7311 turns).

epen the Spear-Bearer (Merfolk Abyssal Knight)      Turns: 7311, Time: 00:12:19

Health: -2/63      AC:  9    Str: 14    XL:     8   Next: 64%
Magic:  12/12      EV: 12    Int: 15    God:    Lugonu [****..]
Gold:   522        SH:  0    Dex: 14    Spells: 7/7 levels left

rFire    . . .     SeeInvis .   m - +2 trident
rCold    . . .     Gourm    .   (no shield)
rNeg     . . .     Faith    .   f - +0 scale mail
rPois    .         Spirit   .   D - +0 helmet
rElec    .         Reflect  .   (no cloak)
rCorr    .         Harm     .   k - +0 pair of gloves
MR       .....     Rnd*Tele +   (no boots)
Stlth    ..........             (no amulet)
Regen    0.2/turn               w - ring of teleportation (curse)
MPRegen  0.2/turn               (no ring)

@: about to teleport, slowed, very slow
A: change form in water, swift swim, stealthy swim, clever 2, shaggy fur 1,
sturdy frame 1
a: Depart the Abyss, Bend Space, Banish, Corrupt, Renounce Religion


You were on level 7 of the Dungeon.
You worshipped Lugonu.
Lugonu was greatly pleased with you.
You were not hungry.

You visited 1 branch of the dungeon, and saw 7 of its levels.
You visited the Abyss 1 time.
You also visited: Sewer.

You collected 522 gold pieces.

Inventory:

Hand Weapons
 a - a +1 spear
 g - a +0 vampiric spear
 m - a +2 trident (weapon)
 J - the +10 fustibalus of Doom {venom, rElec rF- Int+4 Dex+2}
   (You acquired it on level 7 of the Dungeon)

   It poisons the ammo it fires.
   It affects your intelligence (+4).
   It affects your dexterity (+2).
   It makes you vulnerable to fire.
   It insulates you from electricity.
Missiles
 L - a throwing net (quivered)
Armour
 b - a +0 leather armour
 f - a +0 scale mail (worn)
 k - a +0 pair of gloves (worn)
 D - a +0 helmet (worn)
Jewellery
 j - an uncursed ring of ice
 q - an uncursed ring of ice
 w - a cursed ring of teleportation (left hand)
 F - an uncursed ring of magical power {unknown}
Wands
 h - a wand of lightning (3/15)
 r - a wand of iceblast (2/15)
 x - a wand of polymorph (22/24)
 A - a wand of digging (5/24)
Scrolls
 e - 4 scrolls of identify
 u - 2 scrolls of fear
 v - 4 scrolls of teleportation
 y - 2 scrolls of blinking
 z - a scroll of magic mapping
 B - a scroll of recharging
 C - a scroll of amnesia
 G - 2 scrolls of remove curse
 K - a scroll of fog
Potions
 c - a potion of might
 i - 6 potions of invisibility
 l - a potion of flight
 s - 3 potions of brilliance
 t - 2 potions of cancellation
 E - 2 potions of mutation
 H - a potion of heal wounds
Comestibles
 d - 3 fruits
 n - 2 bread rations
 o - 2 meat rations
 p - a chunk of flesh


   Skills:
 + Level 5.5 Fighting
 * Level 8.0 Polearms
 + Level 2.7 Armour
 + Level 5.5 Dodging
 * Level 6.5 Invocations


You had 7 spell levels left.
You didn't know any spells.

Dungeon Overview and Level Annotations

Branches:
Dungeon (7/15)             Temple (0/1) D:5

Altars:
Cheibriados
Dithmenos
Nemelex Xobeh
Qazlal
Ru
Trog
Uskayaw
Zin
The Shining One


Innate Abilities, Weirdness & Mutations

You revert to your normal form in water.
You are very nimble and swift while swimming.
You are very stealthy in the water. (Stealth+)
Your mind is very acute. (Int +4)
You are covered in fur. (AC +1)
Your movements are slightly less encumbered by armour. (ER -2)


Message History

The hornet is moderately wounded.
The hornet stings you.
You are poisoned.
You feel yourself slow down. The hornet stings you.
You feel as though you will be slow longer.
You hit the hornet.
The hornet is moderately wounded.
You feel sick. The hornet completely misses you. The hornet stings you!
* * * LOW HITPOINT WARNING * * *
You are lethally poisoned!
You feel as though you will be slow longer.
Unknown command.
It was a potion of curing.
You feel better.
The hornet stings you but does no damage.
The hornet stings you!
* * * LOW HITPOINT WARNING * * *
You feel as though you will be slow longer.
As you read the scroll of teleportation, it crumbles to dust.
You feel strangely unstable. The hornet stings you!
You die...

#.#.#.).......
...##.#####.#
#..#..#.....#
#..#......)..
#.##..#..#.#####
#....†..........
...###....#.#.##.
#....#.#.#
#....#@# #
#.#..#y# #
#.#.##l#.#
#........##
###..##.....#
...#.##....... .#
##
###.#..#.###.##
.# .
#.####.##.#.# #
.# .
#...........#


You could see a hornet and a leopard gecko.

Vanquished Creatures
  A black bear (D:6)
  2 ogres (D:7)
  A bullfrog (D:7)
  A wyvern skeleton (D:6)
  A scorpion (D:7)
  A howler monkey (D:5)
  A crimson imp (D:6)
  A centaur skeleton (D:5)
  Crazy Yiuf (D:6)
  4 orc priests
  2 iguanas (D:4)
  5 orc wizards
  7 worker ants
  A killer bee zombie (D:7)
  A howler monkey zombie (D:5)
  A worker ant zombie (D:6)
  7 adders
  2 gnolls (D:1)
  3 river rats (Sewer)
  An ooze (D:2)
  2 adder skeletons (D:4)
  2 worms
  4 dart slugs
  9 leopard geckos
  24 orcs
  5 giant cockroaches
  7 goblins
  5 hobgoblins
  12 jackals
  8 kobolds
  5 quokkas
  6 ball pythons
  9 bats
  13 frilled lizards
  9 rats
164 creatures vanquished.

Vanquished Creatures (others)
  A plant (D:4)
1 creature vanquished.

Grand Total: 165 creatures vanquished

Notes
Turn   | Place    | Note
-------+----------+-------------------------------------------
     0 | Abyss:1  | epen the Merfolk Abyssal Knight began the quest for the Orb.
     0 | Abyss:1  | Reached XP level 1. HP: 18/18 MP: 2/2
    36 | Abyss:1  | Noticed a small abomination
    36 | D:1      | Escaped the Abyss
   149 | D:1      | Reached XP level 2. HP: 13/24 MP: 3/3
   173 | D:1      | Reached * piety under Lugonu
   594 | D:1      | Reached XP level 3. HP: 29/29 MP: 5/5
  1289 | D:2      | Reached skill level 1 in Armour
  1292 | D:2      | Reached XP level 4. HP: 37/37 MP: 6/6
  1574 | D:2      | Reached ** piety under Lugonu
  1632 | D:2      | Found a snail-covered altar of Cheibriados.
  1726 | D:2      | Found a bloodstained altar of Trog.
  2007 | D:3      | Found a sparkling altar of Nemelex Xobeh.
  2008 | D:3      | Found a sacrificial altar of Ru.
  2049 | D:3      | Reached skill level 4 in Polearms
  2060 | D:3      | Reached XP level 5. HP: 29/42 MP: 7/7
  2677 | D:4      | Found a hide-covered altar of Uskayaw.
  2882 | D:4      | Found a glowing golden altar of the Shining One.
  2984 | D:4      | Reached XP level 6. HP: 48/48 MP: 9/9
  3035 | D:4      | Reached skill level 5 in Polearms
  3312 | D:4      | HP: 2/48 [poisoned by a worker ant]
  3767 | D:5      | Entered Level 5 of the Dungeon
  3777 | D:5      | Gained mutation: Your mind is acute. (Int +2) [potion of mutation]
  3777 | D:5      | Gained mutation: Your movements are slightly less encumbered by armour. (ER -2) [potion of mutation]
  3777 | D:5      | Gained mutation: Your mind is very acute. (Int +4) [potion of mutation]
  3777 | D:5      | Gained mutation: You are covered in fur. (AC +1) [potion of mutation]
  3799 | D:5      | Reached *** piety under Lugonu
  3913 | D:5      | Found a staircase to the Ecumenical Temple.
  3926 | D:5      | Found a glowing drain.
  3955 | Sewer    | Entered a sewer
  4390 | D:5      | Reached skill level 5 in Invocations
  4390 | D:5      | Reached XP level 7. HP: 55/55 MP: 10/10
  4410 | D:5      | Reached skill level 6 in Polearms
  4554 | D:5      | Reached **** piety under Lugonu
  5285 | D:5      | Found a glowing silver altar of Zin.
  5285 | D:5      | Found a stormy altar of Qazlal.
  5509 | D:6      | Found a shadowy altar of Dithmenos.
  5653 | D:6      | Reached skill level 5 in Fighting
  5701 | D:6      | Found a runed door.
  5838 | D:6      | Reached skill level 7 in Polearms
  5838 | D:6      | Reached XP level 8. HP: 60/62 MP: 12/12
  5911 | D:6      | Reached skill level 5 in Dodging
  6773 | D:6      | Noticed Crazy Yiuf
  6780 | D:6      | Killed Crazy Yiuf
  6915 | D:7      | Identified a scroll of acquirement
  6916 | D:7      | Got a brightly glowing fustibalus
  6917 | D:7      | Identified the +10 fustibalus of Doom {venom, rElec rF- Int+4 Dex+2} (You acquired it on level 7 of the Dungeon)
  7286 | D:7      | Reached skill level 8 in Polearms
  7295 | D:7      | Noticed a hornet
  7300 | D:7      | Paralysed by a hornet for 3 turns
  7311 | D:7      | Slain by a hornet

Skill      XL: |  1  2  3  4  5  6  7  8 |
---------------+-------------------------+-----
Invocations    | 3 4 5 6 |  6.5
Fighting       | 4 5 |  5.5
Armour         | 1 2 |  2.7
Dodging        | 3 4 5 |  5.5
Polearms       | 4 5 7 8 |  8.0

Action                   |  1- 3 |  4- 6 |  7- 9 || total
-------------------------+-------+-------+-------++-------
Melee: Spear             |   130 |       |       ||   130
       Trident           |     4 |   303 |   204 ||   511
       Tailslap          |       |     2 |     1 ||     3
Throw: Throwing net      |       |       |     1 ||     1
Invok: Depart the Abyss  |     1 |       |       ||     1
  Use: Scroll            |       |    17 |     2 ||    19
       Potion            |       |     1 |     3 ||     4
  Eat: Chunk             |     1 |    10 |    10 ||    21
       Bread ration      |     1 |       |       ||     1
Armor: Leather armour    |    12 |       |       ||    12
       Scale mail        |    32 |   111 |   113 ||   256
Dodge: Dodged            |    56 |   126 |   120 ||   302
